 Dungeon Crawl Stone Soup version 0.28.0-47-ge53b351184 (webtiles) character file.

Game seed: 15908930752888896928

231 klau3 the Grave Robber (level 5, -2/35 HPs)
             Began as a Demonspawn Necromancer on May 6, 2022.
             Killed from afar by an orc wizard (4 damage)
             ... with a puff of flame
             ... on level 3 of the Dungeon.
             The game lasted 00:15:50 (2975 turns).

klau3 the Grave Robber (Demonspawn Necromancer)     Turns: 2975, Time: 00:15:50

Health: -2/35      AC:  2    Str:  8    XL:     5   Next: 73%
Magic:  11/11      EV: 12    Int: 18    God:
Gold:   67         SH:  0    Dex: 20    Spells: 7/12 levels left

rFire   . . .      SeeInvis .   i - +1 dagger (speed)
rCold   . . .      Faith    .   (no shield)
rNeg    . . .      Spirit   .   a - +0 robe
rPois   .          Reflect  .   (no helmet)
rElec   .          Harm     .   (no cloak)
rCorr   .          Rampage  .   (no gloves)
Will    .....                   (no boots)
Stlth   +.........              d - amulet of magic regeneration
HPRegen 0.11/turn               c - +6 ring of dexterity
MPRegen 0.64/turn               (no ring)

@: confused
A: hooves 1, magic regeneration, demonic magic 1
a: no special abilities


You were on level 3 of the Dungeon.
You visited 1 branch of the dungeon, and saw 3 of its levels.

You collected 67 gold pieces.

Inventory:

Hand Weapons
 i - a +1 dagger of speed (weapon)
Missiles
 b - 3 poisoned darts
 e - 6 boomerangs
 m - 4 atropa-tipped darts
Armour
 a - a +0 robe (worn)
 n - a +0 robe
Jewellery
 c - a +6 ring of dexterity (left hand)
 d - an amulet of magic regeneration (around neck)
Scrolls
 f - a scroll of immolation
 h - a scroll of fear
 j - 3 scrolls of fog {unknown}
 k - a scroll of amnesia {unknown}
Potions
 g - 2 potions of attraction {unknown}
 l - a potion of heal wounds {unknown}
 o - a potion of berserk rage


   Skills:
 + Level 0.2 Fighting
 + Level 2.0 Dodging
 + Level 1.8 Stealth
 + Level 4.1 Spellcasting
 + Level 6.2 Necromancy


You had 7 spell levels left.
You knew the following spells:

 Your Spells              Type           Power      Damage    Failure   Level
a - Pain                  Necr           100%       1d9       1%          1
b - Animate Skeleton      Necr           52%        N/A       1%          1
c - Vampiric Draining     Necr           26%        2d7       3%          3

Your spell library contained the following spells:

 Spells                   Type           Power      Damage    Failure   Level
 Sublimation of Blood     Necr           26%        N/A       1%          2
 Animate Dead             Necr           13%        N/A       12%         4
 Wereblood                Tmut           3%         N/A       22%         2
 Agony                    Necr           26%        N/A       32%         5
 Excruciating Wounds      Necr           13%        N/A       32%         5
 Summon Hydra             Summ           1%         N/A       100%        7


Dungeon Overview and Level Annotations

Branches:
Dungeon (3/15)

Altars:


Innate Abilities, Weirdness & Mutations

You have large cloven feet.
You regenerate magic rapidly.
Spells you cast may paralyse adjacent enemies.


Message History

Press: ? - help, Q - select action, (/) - cycle Shift-Dir - straight line, f - orc
Aim: an orc, wielding a +0 trident (chance to affect: 93%)
The orc writhes in agony!
You kill the orc!
Malevolent energies surge around you.
Magic restored.
There is a strange disturbance nearby!
Found a scroll labelled TEUGRU HALUCE.
A puff of flame appears from out of thin air!
The puff of flame hits you!
A puff of flame appears from out of thin air!
The puff of flame hits you.
You hear some strange, mumbled words.
A puff of flame appears from out of thin air!
The puff of flame hits you!
* * * LOW HITPOINT WARNING * * *
Aiming: Pain (safe; 1% risk of failure)
Press: ? - help, Q - select action, (/) - cycle Shift-Dir - straight line Something writhes in agony.
Malevolent energies surge around you.
Really read the scroll of immolation?
You can't even see any enemies this would affect. [Y]es or [N]o only, please.
Really read the scroll of immolation?
You can't even see any enemies this would affect.
Okay, then.
Something hits you.
* * * LOW HITPOINT WARNING * * *
You miss something. Your kick misses something. Something hits you.
* * * LOW HITPOINT WARNING * * *
You miss something. You closely miss something.
You hear some strange, mumbled words.
A puff of flame appears from out of thin air!
The puff of flame hits you.
* * * LOW HITPOINT WARNING * * *
You hear some strange, mumbled words.
You are confused.
You bump into the rock wall.
You hear some strange, mumbled words.
A puff of flame appears from out of thin air!
The puff of flame hits you.
You die...

#.# ###.### ####### #.#...#
#.....# #.#.#.#####
#.#.#.####### #..........
#...##....# #.#####.###
##+#.#.##.##.###...#...#
#....#.##.##..##.###.#.###
#....#.##@##..##.###.#....
#.......{..............###
#........###..........##
#.....######..##......#
#.....# #.....##......####
#.....###.###.#.#........#
##.....................##..
?.........................>..
..#.#######..............#...


There were no monsters in sight!

Vanquished Creatures
  An orc priest (D:3)
  Natasha (thrice) (D:2)
  7 adders (D:2)
  5 worms
  A dart slug (D:1)
  2 orcs (D:3)
  5 ball pythons (D:1)
  4 bats
  2 giant cockroaches
  6 goblins
  4 hobgoblins
  4 jackals (D:2)
  2 quokkas (D:2)
  A frilled lizard (D:3)
  2 kobolds (D:2)
  A rat (D:1)
50 creatures vanquished.

Vanquished Creatures (collateral kills)
  A hobgoblin (D:1)
1 creature vanquished.

Grand Total: 51 creatures vanquished

Notes
Turn   | Place    | Note
-------+----------+-------------------------------------------
     0 | D:1      | klau3 the Demonspawn Necromancer began the quest for the
                  | Orb.
     0 | D:1      | Reached XP level 1. HP: 13/13 MP: 3/3
   158 | D:1      | Gained mutation: You have large cloven feet. [demonic
                  | ancestry]
   158 | D:1      | Reached XP level 2. HP: 18/19 MP: 3/5
   391 | D:1      | Learned a level 1 spell: Animate Skeleton
   586 | D:1      | Reached skill level 5 in Necromancy
   782 | D:1      | Found a faded altar of an unknown god.
  1219 | D:1      | Gained mutation: Spells you cast may paralyse adjacent
                  | enemies. [demonic ancestry]
  1219 | D:1      | Reached XP level 3. HP: 8/24 MP: 0/6
  1437 | D:2      | Learned a level 3 spell: Vampiric Draining
  1605 | D:2      | Noticed Natasha
  1614 | D:2      | Killed Natasha
  1615 | D:2      | Gained mutation: You regenerate magic rapidly. [demonic
                  | ancestry]
  1615 | D:2      | Reached XP level 4. HP: 12/30 MP: 0/8
  1622 | D:2      | HP: 2/45 [poisoned by an adder]
  1655 | D:2      | Noticed Natasha
  1727 | D:2      | Killed Natasha
  2133 | D:2      | Noticed Natasha
  2135 | D:2      | Killed Natasha
  2136 | D:2      | Reached XP level 5. HP: 33/35 MP: 8/10
  2431 | D:2      | Reached skill level 6 in Necromancy
  2969 | D:3      | HP: 1/35 [something/puff of flame (4)]
  2975 | D:3      | Killed from afar by an orc wizard

Illustrated notes

Levels and vault maps discovered:
D:1:      amcnicky_arrival_gap_in_the_tavern_cellar, layout_rooms,
          chequers_ecumenical_altar_simple, minivault_4
D:2:      layout_loops_ring, uniq_natasha
D:3:      layout_basic

Skill      XL: |  1  2  3  4  5 |
---------------+----------------+-----
Necromancy     | 5 6 |  6.2
Spellcasting   | 3 4 |  4.1
Dodging        | 2 |  2.0
Fighting       | |  0.2
Stealth        | |  1.8

Action                   |  1- 3 |  4- 6 || total
-------------------------+-------+-------++-------
Melee: Dagger            |     2 |     4 ||     6
 Cast: Pain              |    63 |    56 ||   119
       Animate Skeleton  |     2 |       ||     2
  Use: Potion            |       |     2 ||     2
       Scroll            |       |     2 ||     2
Armor: Robe              |     4 |     2 ||     6
       Skin              |       |     2 ||     2
Dodge: Dodged            |    14 |     6 ||    20
